AoeStats
← Soldier

Arena

510685263Analyzed
1v1 RM · 14h ago on Oct 2, 2026· 33m 55s· 2 players
Game mode
Random Map
Map size
Tiny (2 player)
Population
200
Speed
Normal
Resources
Standard
Victory
Conquest
Starting age
Dark Age
Ending age
Imperial Age
RankedLock teamsTeams togetherTeam positionsShared explorationLock speedFull tech treeHidden civsTurbo modeCheats
Victory
Defeat
🇮🇳 Portuguese · India
809
+14
🇩🇪 Khmer · Germany
773
-35
paderbornml1998
12:10 Feudal Age
12:44 Horse Collar
12:56 Double-Bit Axe
14:05 Gold Mining
14:14 Stone Mining
18:11 Wheelbarrow
21:30 Castle Age
22:55 Stone Shaft Mining
22:56 Gold Shaft Mining
22:24 Heavy Plow
22:37 Bow Saw
22:56 Hand Cart
26:18 Imperial Age
28:42 Crop Rotation
27:57 Capped Ram
31:47 Hoardings
30:42 Sappers
31:34 Conscription
31:41 Heated Shot
Soldier
2:58 Loom
9:50 Feudal Age
16:17 Castle Age
19:35 Wheelbarrow
18:53 Horse Collar
23:50 Town Watch
25:33 Ballistics
25:11 Murder Holes
30:13 Imperial Age
32:11 Chemistry
32:25 Fletching
Connection lost

Rejoining the realm…

Still unreachable

The connection could not be restored.

Session expired

The server has moved on; the page needs a fresh start.